 Dungeon Crawl Stone Soup version 0.30-a0-25-gacc37e2db0 (webtiles) character file.

Game seed: 4653014551596782343

90 Ijustatesigmund the Digger (level 4, -4/24 HPs)
             Began as a Gargoyle Earth Elementalist on Aug 25, 2022.
             Slain by a water moccasin (5 damage)
             ... on level 3 of the Dungeon.
             The game lasted 00:04:51 (2378 turns).

Ijustatesigmund the Digger (GrEE)                   Turns: 2378, Time: 00:04:51

Health: -4/24      AC:  5    Str:  9 (12) XL:     4   Next: 56%
Magic:  3/7        EV: 11    Int: 15 (17) God:
Gold:   113        SH:  0    Dex:  9 (10) Spells: 2/8 levels left

rFire   . . .      SeeInvis .    b - +0 whip
rCold   . . .      Faith    .    (no shield)
rNeg    + + .      Spirit   .    a - +0 robe
rPois   ∞          Reflect  .    (no helmet)
rElec   +          Harm     .    (no cloak)
rCorr   .          Rampage  .    (no gloves)
Will    .....                    (no boots)
Stlth   ++........               (no amulet)
HPRegen 0.08/turn                l - ring of positive energy
MPRegen 0.10/turn                (no ring)

@: brilliant, attractive
A: sickness immunity, AC +3, negative energy resistance 1, electricity
resistance, torment resistance 1, petrification resistance
a: no special abilities


You were on level 3 of the Dungeon.
You visited 1 branch of the dungeon, and saw 3 of its levels.

You collected 113 gold pieces.

Inventory:

Hand Weapons
 b - a +0 whip (weapon)
Armour
 a - a +0 robe (worn)
Magical Staves
 d - a staff of air
Jewellery
 l - a ring of positive energy (left hand)
Scrolls
 f - 2 scrolls of blinking
 m - a scroll of magic mapping {unknown}
 o - a scroll of identify
Potions
 c - 4 potions of curing
 i - a potion of invisibility {unknown}
 n - a potion of resistance {unknown}
 p - a potion of flight {unknown}


   Skills:
 - Level 1.5 Dodging
 - Level 2.1 Stealth
 - Level 2.6 Spellcasting
 * Level 2.3 Conjurations
 + Level 1.6 Transmutations
 - Level 4.3 Earth Magic


You had 2 spell levels left.
You knew the following spells:

 Your Spells              Type           Power      Damage    Failure   Level
a - Sandblast             Erth           44%        2d11      3%          1
b - Stone Arrow           Conj/Erth      36%        3d9       16%         3
c - Passwall              Tmut/Erth      13%        N/A       10%         2

Your spell library contained the following spells:

 Spells                   Type           Power      Damage    Failure   Level
 Freeze                   Ice            8%         1d3       22%         1
 Petrify                  Tmut/Erth      16%        N/A       52%         4
 Frozen Ramparts          Ice            4%         1d1       54%         3
 Hailstorm                Conj/Ice       8%         3d4       77%         4


Dungeon Overview and Level Annotations

Branches:
Dungeon (3/15)

Altars:


Innate Abilities, Weirdness & Mutations

You are immune to sickness and miasma.
Your stone body is resilient. (AC +3)
You are immune to poison.
You resist negative energy. (rN+)
You are resistant to electric shocks. (rElec)
You are resistant to unholy torment.
You are immune to petrification.


Message History

The water moccasin barely misses you.
You miss the water moccasin.
The water moccasin is heavily wounded.
The water moccasin bites you. The water moccasin bites you!
You miss the water moccasin.
The water moccasin is heavily wounded.
The water moccasin bites you but does no damage.
You feel better.
The water moccasin bites you but does no damage.
The water moccasin closely misses you.
It was a potion of attraction.
You feel attractive to monsters. The water moccasin bites you!
It was a potion of heal wounds.
You feel much better. The water moccasin bites you. x2
You miss the water moccasin.
The water moccasin is heavily wounded.
The water moccasin barely misses you.
You barely miss the water moccasin.
The water moccasin is heavily wounded.
The water moccasin misses you. The water moccasin barely misses you.
You closely miss the water moccasin.
The water moccasin is heavily wounded.
The water moccasin misses you.
You miss the water moccasin.
The water moccasin is heavily wounded.
The water moccasin bites you! The water moccasin bites you.
You barely miss the water moccasin.
The water moccasin is heavily wounded.
The water moccasin closely misses you.
It was a potion of degeneration.
There was something very wrong with that liquid.
You feel weakened.
You feel dopey.
You feel clumsy. The water moccasin bites you!
* * * LOW HITPOINT WARNING * * *
The water moccasin completely misses you.
It was a potion of brilliance.
You feel clever all of a sudden. The water moccasin bites you.
You die...

.# .# ### .# ..# ..
#.# .# # . #.# .# .
....####>########.#
.$..)..........S@.#
....####.##########
. #..# #.## ####.#
..##.# #.##.#
#.##.# #.##.#


You could see a water moccasin.

Vanquished Creatures
  4 adders (D:2)
  A worm (D:2)
  4 bats
  2 endoplasms (D:2)
  A giant cockroach (D:3)
  7 goblins
  3 hobgoblins
  4 jackals (D:1)
  4 kobolds
  3 quokkas
  11 ball pythons
  A frilled lizard (D:2)
  2 rats (D:1)
47 creatures vanquished.

Notes
Turn   | Place    | Note
-------+----------+-------------------------------------------
     0 | D:1      | Ijustatesigmund the Gargoyle Earth Elementalist began the
                  | quest for the Orb.
     0 | D:1      | Reached XP level 1. HP: 10/10 MP: 3/3
   123 | D:1      | Reached skill level 1 in Transmutations
   135 | D:1      | Reached XP level 2. HP: 4/15 MP: 3/5
   136 | D:1      | Reached skill level 4 in Earth Magic
   448 | D:1      | Found a faded altar of an unknown god.
   997 | D:2      | Reached XP level 3. HP: 15/19 MP: 2/6
  1001 | D:2      | Learned a level 3 spell: Stone Arrow
  1004 | D:2      | Learned a level 2 spell: Passwall
  1455 | D:2      | Reached skill level 1 in Conjurations
  1744 | D:2      | Reached XP level 4. HP: 24/24 MP: 5/7
  2350 | D:3      | Noticed a water moccasin
  2377 | D:3      | HP: 1/24 [water moccasin (8)]
  2378 | D:3      | Slain by a water moccasin

Illustrated notes

Levels and vault maps discovered:
D:1:      dpeg_arrival_yet_another_circle, layout_rooms,
          dreamdust_ecumenical_altar_grove
D:2:      minmay_chambers_of_ones, layout_basic, chequers_serial_rivers_micro_c,
          corexii_item_surrounded_by_moat, minmay_snake_closets
D:3:      layout_loops_ring, grunt_temple_overflow_lords_of_destruction,
          st_stairs_5

Skill      XL: |  1  2  3  4 |
---------------+-------------+-----
Transmutations | 1 |  1.6
Earth Magic    | 4 |  4.3
Conjurations   | 1 2 |  2.3
Dodging        | |  1.5
Stealth        | |  2.1
Spellcasting   | |  2.6

Action                   |  1- 3 |  4- 6 || total
-------------------------+-------+-------++-------
Melee: Short sword       |     4 |       ||     4
       Whip              |       |    13 ||    13
 Cast: Sandblast         |    44 |    18 ||    62
       Stone Arrow       |       |     2 ||     2
  Use: Potion            |     1 |     7 ||     8
       Scroll            |     5 |     2 ||     7
Armor: Robe              |     7 |     4 ||    11
Dodge: Dodged            |    31 |    13 ||    44

Table legend: (Time is in decaauts)
 A = Elapsed time spent in this place.
 B = Non-inter-level travel time spent in this place.
 C = Inter-level travel time spent in this place.
 D = Time resting spent in this place.
 E = Time spent auto-exploring this place.
 F = Levels seen in this place.
 G = Mean time per level.
                   A        B        C        D        E       F      G
               +--------+--------+--------+--------+--------+-----+--------+
         Total |   2409 |   2383 |     26 |    221 |   1879 |   3 |  803.0 |
       Dungeon |   2409 |   2383 |     26 |    221 |   1879 |   3 |  803.0 |
               +--------+--------+--------+--------+--------+-----+--------+

Top non-repeatable levels by time:
     D:2: 1409 daAuts
     D:1: 802 daAuts
     D:3: 198 daAuts
